 Dungeon Crawl Stone Soup version 0.27-a0-1219-g958d993ae5 (webtiles) character file.

Game seed: 11291235873874473186

64 sanka the Charlatan (level 4, -1/35 HPs)
             Began as a Djinni Artificer on June 6, 2021.
             Slain by Natasha (8 damage)
             ... on level 2 of the Dungeon.
             The game lasted 00:03:42 (1909 turns).

sanka the Charlatan (Djinni Artificer)              Turns: 1909, Time: 00:03:43

Health: -1/35      AC:  3    Str: 11    XL:     4   Next: 32%
Gold:   45         EV: 11    Int: 14    God:
                   SH:  0    Dex: 13

rFire    + + +     SeeInvis .   o - +1 whip (venom)
rCold    . . .     Faith    .   (no shield)
rNeg     . . .     Spirit   .   b - +0 leather armour
rPois    ∞         Reflect  .   (no helmet)
rElec    .         Harm     .   j - scarf {rC+ rF+}
rCorr    .         Rampage  .   (no gloves)
Will     .....                  (boots unavailable)
Stlth    +.........             (no amulet)
HPRegen  0.11/turn              (no ring)
MPRegen  0.00/turn              (no ring)

@: flying, slowed, very slow
A: sickness immunity, fire resistance 2, cold vulnerability 1, float, innate
caster, hp casting, extra vitality 1
a: no special abilities


You were on level 2 of the Dungeon.
You visited 1 branch of the dungeon, and saw 2 of its levels.

You collected 45 gold pieces.


Innate Abilities, Weirdness & Mutations

You are immune to sickness and miasma.
You are immune to poison.
Your flesh is very heat resistant. (rF++)
You are vulnerable to cold. (rC-)
You float through the air rather than walking.
You learn spells naturally, not from books.
Your magical power is your life essence.
You have superior vitality. (+4 HP)


   Skills:
 - Level 3.0 Fighting
 - Level 1.0 Armour
 - Level 2.1 Dodging
 - Level 0.7 Stealth
 + Level 1.5 Spellcasting
 - Level 3.0 Evocations


You had 5 spell levels left.
You knew the following spells:

 Your Spells              Type           Power      Damage    Failure   Level
z - Sting                 Tmut/Pois      20%        1d4       19%         1
Your spell library was empty.

Inventory:

Hand Weapons
 f - a +3 short sword
 l - a +0 mace
 o - a +1 whip of venom (weapon)
Armour
 b - a +0 leather armour (worn)
 j - a scarf of resistance (worn)
Wands
 c - a wand of flame (11) (quivered)
 d - a wand of charming (15)
Scrolls
 a - 3 scrolls of identify {unknown}
 g - a scroll of enchant armour {unknown}
 h - a scroll of immolation {unknown}
Potions
 i - a potion of brilliance {unknown}
 k - 2 potions of magic {unknown}
 m - 3 potions of curing {unknown}
 n - a potion of mutation {unknown}
Miscellaneous
 e - a piece from Xom's chessboard (15/15)

Dungeon Overview and Level Annotations

Branches:
Dungeon (2/15)

Altars:
Nemelex Xobeh

Shops:
D:2 (

Annotations:
D:2 1 runed translucent door, Crazy Yiuf, Natasha

▒.▒ ▒.....▒▒.....†...▒▒.▒▒▒..
▒.▒ ▒..........▒▒▒▒▒▒▒▒.▒▒..▒
▒▒▒ ▒..<.....▒▒▒▒▒▒▒▒▒▒.▒▒...
▒............>.......▒..▒
▒......▒▒▒▒▒▒▒▒▒▒▒▒......
▒▒▒▒▒.....▒ ▒▒▒..▒▒▒▒
▒▒.....▒▒▒▒▒ ▒........
▒▒..▒▒▒▒▒▒▒▒▒▒▒▒▒▒▒▒▒▒........
▒............Rh5..........∩...
▒▒▒▒▒▒▒▒▒▒▒▒▒▒▒▒▒▒▒▒▒▒........
▒▒▒▒▒▒▒▒▒


You could see Natasha and a white imp (summoned).


Message History

The puff of flame misses Natasha.
Natasha casts a spell.
Aiming: Throw Flame
Aim: Natasha (64% to hit)
The puff of flame hits Natasha!
Natasha is heavily wounded.
Natasha casts a spell at you.
You feel yourself slow down.
You can't see any susceptible monsters within range! (Use Z to cast anyway.) Natasha mumbles some strange words.
You feel disoriented.
Aiming: Sting (safe; 19% risk of failure)
Aim: Natasha (heavily wounded, 60% to hit)
The sting misses Natasha.
The sting hits the white imp but does no damage.
The white imp is poisoned.
Natasha claws you! Natasha casts a spell at you. The magic dart hits you!
* * * LOW HITPOINT WARNING * * *
You closely miss Natasha.
Natasha is heavily wounded.
Natasha claws you.
* * * LOW HITPOINT WARNING * * *
You closely miss Natasha.
Natasha is heavily wounded.
The white imp looks more healthy.
Natasha closely misses you. Natasha claws you!
You die...

Action                   |  1- 3 |  4- 6 || total
-------------------------+-------+-------++-------
Melee: Club              |    40 |       ||    40
       Whip              |    75 |     2 ||    77
       Mace              |     7 |       ||     7
 Cast: Sting             |     1 |     1 ||     2
Evoke: Wand              |     2 |     2 ||     4
 Stab: Sleeping          |     1 |       ||     1
Armor: Leather armour    |    32 |       ||    32
Dodge: Dodged            |    93 |     1 ||    94

Levels and vault maps discovered:
D:1:      beargit_arrival_greenhouse, layout_loops_ring
D:2:      layout_rooms, basic_altar, serial_glass, glass_columns_a,
          glass_columns_c, serial_shops, shop, uniq_crazy_yiuf_cottage,
          uniq_natasha

Notes
Turn   | Place    | Note
-------+----------+-------------------------------------------
     0 | D:1      | sanka the Djinni Artificer began the quest for the Orb.
     0 | D:1      | Reached XP level 1. HP: 17/17 MP: 0/0
    77 | D:1      | Reached skill level 2 in Fighting
    77 | D:1      | Reached XP level 2. HP: 5/23 MP: 0/0
   698 | D:1      | Reached XP level 3. HP: 22/29 MP: 0/0
   698 | D:1      | Learned a level 1 spell: Sting
  1014 | D:1      | Reached skill level 3 in Fighting
  1086 | D:1      | Identified a scarf of resistance
  1179 | D:2      | Noticed Natasha
  1480 | D:2      | Found a runed translucent door.
  1481 | D:2      | Noticed Crazy Yiuf
  1704 | D:2      | Found a sparkling altar of Nemelex Xobeh.
  1721 | D:2      | Found Kiruemil's Weapon Shop.
  1758 | D:2      | Killed Natasha
  1759 | D:2      | Reached skill level 1 in Spellcasting
  1759 | D:2      | Reached XP level 4. HP: 35/35 MP: 0/0
  1896 | D:2      | Noticed Natasha
  1909 | D:2      | Slain by Natasha

Vanquished Creatures
  Natasha (D:2)
  A worm (D:2)
  3 ball pythons
  4 endoplasms
  2 giant cockroaches (D:1)
  3 goblins
  A hobgoblin (D:1)
  5 jackals (D:1)
  4 kobolds
  3 bats
  4 frilled lizards
  4 rats (D:1)
35 creatures vanquished.
